 Dungeon Crawl Stone Soup version 0.29.1-15-g9cfb28693d (webtiles) character file.

Game seed: 17462129671547638198

23 Dillmonsterx101 the Trooper (level 2, 0/20 HPs)
             Began as a Gargoyle Berserker on Apr 6, 2023.
             Was a Follower of Trog.
             Frozen to death by an endoplasm (5 damage)
             ... on level 2 of the Dungeon.
             The game lasted 00:03:37 (1257 turns).

Dillmonsterx101 the Trooper (Gargoyle Berserker)    Turns: 1257, Time: 00:03:37

Health: 0/20       AC:  5    Str: 20    XL:     2   Next: 95%
Magic:  2/2        EV: 11    Int:  7    God:    Trog [*.....]
Gold:   36         SH:  2    Dex:  9    Spells: 1/1 levels left

rFire   . . .      SeeInvis .   a - +0 mace
rCold   . . .      Faith    .   h - +0 buckler
rNeg    + . .      Spirit   .   b - +0 animal skin
rPois   ∞          Reflect  .   (no helmet)
rElec   +          Harm     .   (no cloak)
rCorr   .          Rampage  .   (no gloves)
Will    .....                   (no boots)
Stlth   +.........              (no amulet)
HPRegen 0.06/turn               (no ring)
MPRegen 0.08/turn               (no ring)

@: slowed, very slow
A: sickness immunity, AC +2, negative energy resistance 1, electricity
resistance, torment resistance 1, petrification resistance
a: Renounce Religion, Berserk


You were on level 2 of the Dungeon.
You worshipped Trog.
Trog was aware of your devotion.
You visited 1 branch of the dungeon, and saw 2 of its levels.

You collected 36 gold pieces.

Inventory:

Hand Weapons
 a - a +0 mace (weapon)
Armour
 b - a +0 animal skin (worn)
 h - a +0 buckler (worn)
Scrolls
 e - a scroll of brand weapon {unknown}
 f - a scroll of silence {unknown}
 g - a scroll of blinking {unknown}
Potions
 c - 2 potions of heal wounds {unknown}
 d - a potion of curing {unknown}
 i - a potion of degeneration {unknown}


   Skills:
 + Level 3.9 Fighting
 + Level 3.4 Maces & Flails
 + Level 2.3 Armour
 + Level 1.6 Dodging


You had one spell level left.
You didn't know any spells.
Your spell library was empty.

Dungeon Overview and Level Annotations

Branches:
Dungeon (2/15)

Altars:

Annotations:
D:2 Natasha


Innate Abilities, Weirdness & Mutations

You are immune to sickness and miasma.
Your stone body is resilient. (AC +2)
You are immune to poison.
You resist negative energy. (rN+)
You are resistant to electric shocks. (rElec)
You are resistant to unholy torment.
You are immune to petrification.


Message History

The endoplasm quivers.
Natasha stares at you and mumbles some strange words.
You feel yourself slow down.
Found an escape hatch in the ceiling.
Natasha mumbles some strange words.
You sock the white imp!
The white imp is almost dead.
Natasha growls.
Natasha mumbles some strange words.
The white imp barely misses you.
A kobold comes into view. It is wielding a +0 dagger.
You closely miss the white imp.
The white imp is almost dead.
The kobold shouts!
Natasha claws you. The white imp gestures at you. The puff of frost hits you!
The crimson imp blinks!
You block Natasha's attack. The white imp barely misses you.
The endoplasm freezes you.
You are frozen.
You are too injured to fight recklessly!
You hit the white imp but do no damage.
The white imp is almost dead.
Natasha completely misses you. The white imp gestures at you.
The puff of frost misses you.
The puff of frost hits the crimson imp!
The crimson imp is frozen!
The crimson imp dies!
The crimson imp disappears in a puff of smoke!
The endoplasm freezes you.
You are frozen.
* * * LOW HITPOINT WARNING * * *
Natasha closely misses you.
The white imp hits you but does no damage.
You sock the white imp!
You kill the white imp!
The white imp disappears in a puff of smoke!
The endoplasm freezes you.
You are frozen.
You die...

#.... #..#######
##.........
##..§..>....
##...........
#<.......K...
...#............
..........J......
.........@......<
..........§h......
$....####.........
....# ########..
.... # .#


You could see Natasha, an endoplasm and a kobold.

Vanquished Creatures
  2 dart slugs (D:1)
  2 bats (D:1)
  An endoplasm (D:1)
  A giant cockroach (D:1)
  3 goblins (D:1)
  2 quokkas (D:1)
  A ball python (D:1)
  A frilled lizard (D:1)
  2 kobolds (D:1)
  3 rats (D:1)
18 creatures vanquished.

Notes
Turn   | Place    | Note
-------+----------+-------------------------------------------
     0 | D:1      | Dillmonsterx101 the Gargoyle Berserker began the quest for
                  | the Orb.
     0 | D:1      | Reached XP level 1. HP: 14/14 MP: 1/1
   151 | D:1      | Reached XP level 2. HP: 17/19 MP: 2/2
  1250 | D:2      | Noticed Natasha
  1255 | D:2      | Noticed a crimson imp
  1257 | D:2      | Frozen to death by an endoplasm

Illustrated notes

Levels and vault maps discovered:
D:1:      lightli_arrival_statue_moat, layout_loops_ring
D:2:      layout_rooms, hellmonk_ecumenical_altar_crossroads,
          dreamdust_princess_corridor, uniq_natasha

Action                   || total
-------------------------++-------
Melee: Mace              ||    55
Armor: Animal skin       ||    22
Dodge: Dodged            ||    35
Block: Buckler           ||     6
